 Dungeon Crawl Stone Soup version 0.32-a0-351-gc6a9d31 (webtiles) character file.

Game seed: 11184967365666159181

46988 Nithhogg the Dwarven Catastrophe (level 14, 0/132 HPs)
             Began as a Mountain Dwarf Fighter on Feb 17, 2024.
             Was an Elder of Qazlal.
             Killed by divine providence
             ... invoked by a meliai
             ... summoned by a boggart
              (11 damage)
             ... on level 14 of the Dungeon.
             The game lasted 00:31:27 (14500 turns).

Nithhogg the Dwarven Catastrophe (MDFi)            Turns: 14500, Time: 00:31:28

Health: 0/132      AC: 26    Str: 32    XL:     14   Next: 6%
Magic:  25/25      EV:  8    Int: 11    God:    Qazlal [****..]
Gold:   2017       SH:  5    Dex:  9    Spells: 13/13 levels left

rFire   + . .        n - +4 halberd "Behiffya" {spect, rPois rC- Str+5}
rCold   . . .        (shield currently unavailable)
rNeg    . . .        J - +8 plate armour of the Vaults {rElec rC++ Int+3}
rPois   +            I - +1 helmet
rElec   +            (no cloak)
rCorr   .            (no gloves)
SInv    +            (no boots)
Will    +....        q - amulet of regeneration Stlth
                     p - ring of see invisible
HPRegen 1.22/turn    F - ring of Remoin {Fire rElec rPois Str+4 Int-2}
MPRegen 0.19/turn

%: repel missiles
@: no status effects
A: runic magic, artefact enchanting
a: Renounce Religion, Upheaval, Elemental Force


You were on level 14 of the Dungeon.
You worshipped Qazlal.
Qazlal was greatly pleased with you.
You visited 4 branches of the dungeon, and saw 18 of its levels.
You also visited: Gauntlet.

You collected 2017 gold pieces.

Inventory:

Hand Weapons
 n - the +4 halberd "Behiffya" (weapon) {spect, rPois rC- Str+5}
   (You acquired it on level 4 of the Dungeon)

   Str+5:     It affects your strength (+5).
   rC-:       It makes you vulnerable to cold.
   rPois:     It protects you from poison
 C - a +2 whip of holy wrath
 D - a +4 flail
 E - a +7 war axe
 G - a +4 hand axe of freezing
Armour
 I - a +1 helmet (worn)
 J - the +8 plate armour of the Vaults (worn) {rElec rC++ Int+3}
   (You found it on level 10 of the Dungeon)

   Int+3:     It affects your intelligence (+3).
   rC++:      It greatly protects you from cold.
   rElec:     It insulates you from electricity.
 M - +0 storm dragon scales
 O - the +0 pair of gloves "Vurris" {Harm ^Drain rF+ Stlth+}
   (You found it in a Gauntlet)

   rF+:       It protects you from fire.
   ^Drain:    It drains your maximum health when unequipped.
   Harm:      It increases damage dealt and taken.
   Stlth+:    It makes you more stealthy.
Jewellery
 a - a +4 ring of protection
 b - the amulet of Beevuc {Harm Regen+}
   (You found it in a Gauntlet)

   [amulet of regeneration]

   Regen+:    It increases your rate of health regeneration.
   Harm:      It increases damage dealt and taken.
 e - a ring of wizardry
 h - a ring of poison resistance
 p - a ring of see invisible (left hand)
 q - an amulet of regeneration (around neck)
 F - the ring of Remoin (right hand) {Fire rElec rPois Str+4 Int-2}
   (You acquired it on level 8 of the Dungeon)

   [ring of fire]

   Fire:      It enhances your fire magic.
   Str+4:     It affects your strength (+4).
   Int-2:     It affects your intelligence (-2).
   rF+:       It protects you from fire.
   rC-:       It makes you vulnerable to cold.
   rElec:     It insulates you from electricity.
   rPois:     It protects you from poison
 H - a +6 ring of dexterity
 N - a ring of ice
 S - a ring of positive energy
 U - an amulet of the acrobat
Wands
 o - a wand of charming (20)
 y - a wand of flame (46)
 L - a wand of iceblast (8)
Scrolls
 c - a scroll of poison
 g - 5 scrolls of enchant armour
 j - 2 scrolls of vulnerability
 k - 2 scrolls of immolation
 m - 4 scrolls of fog
 r - 3 scrolls of enchant weapon
 t - 4 scrolls of teleportation
 w - 3 scrolls of amnesia
 B - 3 scrolls of revelation
 K - a scroll of brand weapon
 Q - 2 scrolls of identify
Potions
 d - 2 potions of might
 f - 2 potions of brilliance
 i - 4 potions of attraction
 l - 3 potions of berserk rage {unknown}
 s - 2 potions of degeneration {unknown}
 v - 2 potions of magic {unknown}
 x - a potion of haste
 z - a potion of enlightenment {unknown}
 A - 2 potions of mutation
 T - 2 potions of curing
Miscellaneous
 u - a phial of floods
 P - a phantom mirror


   Skills:
 + Level 14.0 Fighting
 + Level 14.9 Axes
 + Level 14.0 Armour
 - Level 3.2 Shields
 + Level 15.9 Invocations


You had 13 spell levels left.
You didn't know any spells.
Your spell library contained the following spells:

 Spells                   Type           Power      Damage    Failure   Level
 Magic Dart               Conj           0%         1d3       47%         1
 Blink                    Tloc           0%         N/A       63%         2
 Call Imp                 Summ           0%         N/A       63%         2
 Jinxbite                 Hex            0%         N/A       63%         2
 Mercury Vapours          Alch/Air       0%         N/A       63%         2
 Mephitic Cloud           Conj/Alch/Air  0%         N/A       85%         3
 Iskenderun's Mystic Bla  Conj/Tloc      0%         2d3       99%         4
 Vhi's Electric Charge    Tloc/Air       0%         N/A       99%         4
 Freezing Cloud           Conj/Ice/Air   0%         6-21      100%        5
 Yara's Violent Unravell  Hex/Alch       0%         3d3       100%        5
 Enfeeble                 Hex            0%         N/A       100%        7
 Lehudib's Crystal Spear  Conj/Erth      0%         10d2      100%        8


Dungeon Overview and Level Annotations

Branches:
Dungeon (14/15)            Temple (1/1) D:4            Lair (1/5) D:9
    Orc (2/2) D:11            Elf (0/3) Orc:2       Gauntlet (visited)
 Vaults: D:13-14

Altars:
Ashenzari
Cheibriados
Dithmenos
Elyvilon
Fedhas
Gozag
Hepliaklqana
Kikubaaqudgha
Makhleb
Nemelex Xobeh
Okawaru
Qazlal
Ru
Sif Muna
Trog
Uskayaw
Vehumet
Wu Jian
Xom
Yredelemnul
Zin
The Shining One
Beogh

Shops:
D:3 =   D:4 ?   D:10 [:   Orc:2 :*[(

Annotations:
D:5 2 runed translucent doors, gb0801's ghost, amateur DrIE


Innate Abilities, Weirdness & Mutations

Your spellcasting is much less encumbered by armour.
You can use scrolls of enchantment on lesser artefacts.


Message History

The centaur shoots an arrow.
The arrow hits you but does no damage.
Your life force feels restored.
Okay, then.
The air fills with toxic fumes!
As you read the scroll of poison, it crumbles to dust.
The meliai barely misses you. You block the meliai's attack.
The boggart gestures wildly while chanting.
The fire elemental hits you. The fire elemental burns you! You resist.
The fire elemental closely misses you.
The centaur warrior is engulfed in freezing vapours.
The centaur warrior hits you but does no damage.
The centaur warrior kicks you but does no damage.
The centaur shoots an arrow.
The arrow hits you.
The meliai invokes the aid of its god against you.
Something smites you!
* * * LOW HITPOINT WARNING * * *
The boggart hits you but does no damage.
The meliai hits you but does no damage.
The meliai stings you but does no damage.
A tengu warrior comes into view.
It is wielding a +0 war axe and wearing a +2 kite shield of protection.
The deep elf pyromancer mumbles some strange words.
The deep elf pyromancer blinks!
The water moccasin changes into an entropy weaver!
The meliai hits you with a +0 war axe.
* * * LOW HITPOINT WARNING * * *
The meliai stings you but does no damage.
The centaur is engulfed in a thunderstorm.
The boggart barely misses you.
The deep elf pyromancer mumbles some strange words.
The deep elf pyromancer blinks!
The meliai invokes the aid of its god against you.
Something smites you!
* * * LOW HITPOINT WARNING * * *
The fire elemental hits you. The fire elemental burns you! You resist.
* * * LOW HITPOINT WARNING * * *
The boggart mumbles some strange words.
The boggart flickers and vanishes for a moment.
The meliai calls down the wrath of its god upon you.
Something smites you!
You die...

###############
§§§#§#§#§§§§§##
#§§§§§§§§§§#§# .
##§§§§§§°§§§§#
.. ##§§g@§§§§§§§
...#cy§yEE§§§§§§
.§§§yccclc§§§§§§
.§§§cccc.°e§§§§§
.§§g§ccBg.###§§§
.Q§§c§.g§## #§§
.§§§§§§§§# .§
.§§§§ecCc#
.§§Q§§§c§§


You could see an entropy weaver shaped shifter (summoned), 3 centaur warriors, a
cyclops (summoned), 2 deep elf pyromancers, a basilisk (summoned), 2 fire
elementals, a tengu conjurer (summoned), 3 meliai, 11 centaurs and 4 boggarts.

Vanquished Creatures
  3 orc warlords
  A minotaur (Gauntlet)
  An ettin (Orc:2)
  Josephine (D:13)
  3 centaur warriors
  A boulder beetle (D:11)
  8 two-headed ogres
  4 orc high priests
  Urug (Orc:2)
  Sonja (D:13)
  Lodul (D:11)
  5 orc knights
  A manticore (D:12)
  3 ugly things
  6 orc sorcerers
  2 cyclopes
  Maurice (D:8)
  2 kobold blastminers
  An unseen horror (D:10)
  Joseph (D:10)
  A gargoyle (D:10)
  Maggie (D:8)
  A rime drake (Lair:1)
  A freezing wraith (D:11)
  7 trolls
  A tyrant leech (Gauntlet)
  A hornet (D:10)
  7 slime creatures
  Sigmund (D:5)
  A shadow (D:11)
  3 centaur simulacra (Gauntlet)
  5 wraiths (D:13)
  A water elemental (D:13)
  A wyvern (D:9)
  22 yaks
  3 vampire mosquitoes (D:13)
  6 steam dragons
  2 wargs (Orc:2)
  2 swamp worms (Gauntlet)
  An acid dragon (D:11)
  2 water moccasins
  4 sky beasts
  2 ice beasts (D:7)
  3 black bears
  38 orc warriors
  A laughing skull (D:11)
  A boggart (D:14)
  10 ogres
  17 centaurs
  2 phantoms
  Blork the orc (D:6)
  5 bullfrogs
  2 scorpions
  A cane toad simulacrum (Gauntlet)
  20 wights
  25 killer bees
  8 howler monkeys
  An electric eel (D:13)
  2 hounds
  A bombardier beetle (D:5)
  4 jellies
  30 orc priests
  A gnoll bouda (D:8)
  3 sleepcaps (D:6)
  3 iguanas
  27 orc wizards
  7 gnolls
  12 adders
  2 ribbon worms
  A dart slug (D:4)
  53 orcs
  6 ball pythons (D:1)
  6 bats
  6 endoplasms
  6 giant cockroaches
  6 goblins
  5 hobgoblins
  3 jackals (D:4)
  4 quokkas
  5 frilled lizards
  10 kobolds
  6 rats
  3 spectral weapons
470 creatures vanquished.

Vanquished Creatures (collateral kills)
  A swamp worm (Gauntlet)
1 creature vanquished.

Vanquished Creatures (others)
  An orc wizard (Orc:1)
  13 spectral weapons
14 creatures vanquished.

Grand Total: 485 creatures vanquished

Notes
Turn   | Place    | Note
-------+----------+-------------------------------------------
     0 | D:1      | Nithhogg the Mountain Dwarf Fighter began the quest for the
                  | Orb.
     0 | D:1      | Reached XP level 1. HP: 19/19 MP: 1/1
    35 | D:1      | Reached skill level 1 in Invocations
    35 | D:1      | Reached XP level 2. HP: 23/26 MP: 2/2
   401 | D:1      | Reached XP level 3. HP: 32/33 MP: 4/4
   838 | D:2      | Reached skill level 2 in Invocations
  1076 | D:2      | Reached XP level 4. HP: 40/40 MP: 5/5
  1869 | D:3      | Found Boge's Jewellery Boutique.
  2144 | D:3      | Found a white marble altar of Elyvilon.
  2210 | D:3      | Reached XP level 5. HP: 45/46 MP: 7/7
  2507 | D:3      | Reached skill level 3 in Invocations
  2718 | D:3      | Found a sparkling altar of Nemelex Xobeh.
  2947 | D:4      | Found a staircase to the Ecumenical Temple.
  3042 | D:4      | Reached XP level 6. HP: 25/53 MP: 8/8
  3060 | Temple   | Entered the Ecumenical Temple
  3077 | Temple   | Became a worshipper of Qazlal Stormbringer
  3551 | D:4      | Found Onobes's Magic Scroll Boutique.
  3644 | D:5      | Entered Level 5 of the Dungeon
  3647 | D:5      | Noticed Sigmund
  3831 | D:4      | Identified a scroll of acquirement
  3832 | D:4      | Acquired the +4 halberd "Behiffya" {spect, rPois rC- Str+5}
  4022 | D:3      | Reached skill level 4 in Invocations
  4073 | D:5      | Reached skill level 5 in Fighting
  4090 | D:5      | Found a runed translucent door.
  4171 | D:5      | Noticed a water moccasin
  4175 | D:5      | Killed a water moccasin
  4176 | D:5      | Reached skill level 5 in Armour
  4185 | D:5      | Found a runed translucent door.
  4209 | D:5      | Reached XP level 7. HP: 61/61 MP: 10/10
  4251 | D:5      | Noticed gb0801's ghost (amateur DrIE)
  4321 | D:5      | Reached skill level 5 in Axes
  4323 | D:5      | Reached skill level 5 in Invocations
  4327 | D:5      | Killed Sigmund
  4403 | D:5      | Reached XP level 8. HP: 38/70 MP: 12/12
  4553 | D:5      | Reached * piety under Qazlal
  4579 | D:5      | Found a shimmering blue altar of Sif Muna.
  4579 | D:5      | Found a glowing silver altar of Zin.
  4579 | D:5      | Found a snail-covered altar of Cheibriados.
  4591 | D:5      | Reached skill level 6 in Invocations
  4807 | D:6      | Noticed Blork the orc
  4813 | D:6      | Killed Blork the orc
  5015 | D:6      | Reached skill level 7 in Invocations
  5391 | D:6      | Reached XP level 9. HP: 70/78 MP: 14/14
  5560 | D:7      | Reached skill level 8 in Invocations
  5863 | D:7      | Reached ** piety under Qazlal
  5950 | D:7      | Reached skill level 9 in Invocations
  6236 | D:8      | Reached XP level 10. HP: 85/90 MP: 15/17
  6273 | D:8      | Noticed Maggie
  6281 | D:8      | Killed Maggie
  6601 | D:8      | Noticed Maurice
  6607 | D:8      | Maurice stole a ring of wizardry
  6611 | D:8      | Killed Maurice
  6612 | D:8      | Reached skill level 10 in Invocations
  6699 | D:8      | Found an ancient bone altar of Kikubaaqudgha.
  6924 | D:8      | Found a shadowy altar of Dithmenos.
  6925 | D:8      | Found an ornate altar of the Wu Jian Council.
  7005 | D:8      | Acquired the ring of Remoin {Fire rElec rPois Str+4 Int-2}
  7023 | D:9      | Noticed a two-headed ogre
  7025 | D:9      | Killed a two-headed ogre
  7051 | D:9      | Noticed a two-headed ogre
  7057 | D:9      | Killed a two-headed ogre
  7058 | D:9      | Reached skill level 10 in Axes
  7258 | D:9      | Reached skill level 11 in Invocations
  7263 | D:9      | Reached skill level 10 in Fighting
  7263 | D:9      | Reached XP level 11. HP: 38/99 MP: 19/19
  7270 | D:9      | Reached skill level 10 in Armour
  7504 | D:9      | Found a hide-covered altar of Uskayaw.
  7561 | D:9      | Found a staircase to the Lair.
  7929 | D:10     | Entered Level 10 of the Dungeon
  8098 | D:10     | Found Kowo's Self-Published Books.
  8147 | D:10     | Noticed Joseph
  8152 | D:10     | Killed Joseph
  8257 | D:10     | Found an opulent altar of Gozag.
  8312 | D:10     | Found a blossoming altar of Fedhas.
  8389 | D:10     | Found Koen Jekh's Antique Armour Shoppe.
  8524 | D:10     | Identified the +8 plate armour of the Vaults {rElec rC++
                  | Int+3}
  8583 | D:10     | Noticed a two-headed ogre
  8592 | D:10     | Killed a two-headed ogre
  8847 | D:11     | Found a staircase to the Orcish Mines.
  8979 | D:11     | Noticed a two-headed ogre
  8984 | D:11     | Killed a two-headed ogre
  8984 | D:11     | Reached *** piety under Qazlal
  8985 | D:11     | Reached skill level 12 in Invocations
  9098 | D:11     | Noticed a purple ugly thing
  9105 | D:11     | Killed a purple ugly thing
  9133 | D:11     | Noticed a two-headed ogre
  9140 | D:11     | Killed a two-headed ogre
  9203 | D:11     | Noticed Lodul
  9224 | D:11     | Killed Lodul
  9225 | D:11     | Reached XP level 12. HP: 47/110 MP: 12/21
  9285 | D:11     | Noticed a two-headed ogre
  9291 | D:11     | Killed a two-headed ogre
  9368 | D:11     | Noticed a boulder beetle
  9385 | D:11     | Killed a boulder beetle
  9386 | D:11     | Reached skill level 13 in Invocations
  9782 | D:12     | Found a gate leading to a gauntlet.
  9806 | D:12     | Noticed a two-headed ogre
  9812 | D:12     | Killed a two-headed ogre
  9846 | Gauntlet | Entered a Gauntlet
  9846 | Gauntlet | Found a transporter.
  9856 | Gauntlet | Found a transporter.
  9870 | Gauntlet | Found a transporter.
  9877 | Gauntlet | Found a transporter.
  9880 | Gauntlet | Found a transporter.
  9882 | Gauntlet | Noticed a death yak
  9882 | Gauntlet | Noticed a death yak
  9883 | Gauntlet | Noticed a death yak
  9896 | Gauntlet | Found a transporter.
  9907 | Gauntlet | Found a transporter.
  9914 | Gauntlet | Found a runed translucent gate.
  9914 | Gauntlet | Found a runed translucent gate.
  9914 | Gauntlet | Found a runed translucent gate.
  9919 | Gauntlet | Found a transporter.
  9933 | Gauntlet | Found a transporter.
  9946 | Gauntlet | Found a transporter.
  9946 | Gauntlet | Found a transporter.
  9988 | Gauntlet | Found a transporter.
 10003 | Gauntlet | Found a transporter.
 10017 | Gauntlet | Found a transporter.
 10193 | Gauntlet | Identified the +0 pair of gloves "Vurris" {Harm ^Drain rF+
                  | Stlth+}
 10208 | Gauntlet | Noticed a minotaur
 10236 | Gauntlet | HP: 1/112 [minotaur/javelin (24)]
 10286 | Gauntlet | Killed a minotaur
 10354 | Gauntlet | Identified the amulet of Beevuc {Harm Regen+}
 10355 | Gauntlet | Got Sichemubb's Compendium of the Heavy Vector
 11093 | D:13     | Reached skill level 14 in Invocations
 11175 | D:13     | Noticed Josephine
 11187 | D:13     | Killed Josephine
 11187 | D:13     | Noticed a two-headed ogre
 11195 | D:13     | Killed a two-headed ogre
 11200 | D:13     | Noticed a centaur warrior
 11206 | D:13     | Killed a centaur warrior
 11290 | D:13     | Reached XP level 13. HP: 114/119 MP: 23/23
 11427 | D:13     | Noticed Sonja
 11437 | D:13     | Killed Sonja
 11986 | Orc:1    | Entered Level 1 of the Orcish Mines
 11986 | Orc:1    | Found a roughly hewn altar of Beogh.
 12041 | Orc:1    | Noticed an orc warlord
 12066 | Orc:1    | Killed an orc warlord
 12257 | Orc:1    | Found a roughly hewn altar of Beogh.
 12743 | Orc:2    | Entered Level 2 of the Orcish Mines
 12752 | Orc:2    | Noticed an orc warlord
 12766 | Orc:2    | Reached skill level 15 in Invocations
 12766 | Orc:2    | Killed an orc warlord
 13083 | Orc:2    | Found a staircase to the Elven Halls.
 13110 | Orc:2    | Noticed an ettin
 13128 | Orc:2    | Killed an ettin
 13221 | Orc:2    | Noticed an orc warlord
 13251 | Orc:2    | Killed an orc warlord
 13646 | Orc:2    | Noticed Urug
 13655 | Orc:2    | Killed Urug
 13843 | Orc:2    | Found Estan's Antique Armour Shoppe.
 13844 | Orc:2    | Found Foack's Antique Weapon Shoppe.
 13846 | Orc:2    | Found Puurytwa's General Store.
 13846 | Orc:2    | Found Hinuewno's Book Emporium.
 13865 | Orc:2    | Reached XP level 14. HP: 104/126 MP: 25/25
 14293 | Lair:1   | Entered Level 1 of the Lair of Beasts
 14300 | Lair:1   | Reached **** piety under Qazlal
 14500 | D:14     | Killed from afar by a meliai

Illustrated notes

Levels and vault maps discovered:
D:1:      dpeg_arrival_tiny_b, layout_basic, minmay_pentomino_o4
D:2:      layout_basic, grunt_ministairs_10
D:3:      layout_basic, elyvilon_altar_1, nemelex_diamond_rough_becter,
          serial_shops, nicolae_shop_statue_plus
D:4:      layout_cave_pools, minmay_temple_entry_butterflies, serial_shops,
          nicolae_shop_pleasant_corner_grove, kennysheep_generic_room_5
D:5:      layout_rooms, gammafunk_temple_overflow_claw, ebering_ghost_sewer_f,
          uniq_sigmund
D:6:      layout_loops_ring, uniq_blork_the_orc
D:7:      layout_rooms
D:8:      layout_cave_pools, mainiacjoe_overflow_brackets,
          gammafunk_temple_overflow_statue, uniq_maggie, uniq_maurice
D:9:      layout_roguey, lemuel_coloured_pillars_altar, dpeg_oklobed_lair
D:10:     layout_roguey, nicolae_gozag_seed_capital, general_overflow_altar,
          serial_shops, nicolae_shop_trees, nicolae_custom_books, uniq_joseph
D:11:     minmay_cornered_nines, layout_cave_pools, david_orc_3, uniq_lodul
D:12:     layout_irregular_city, gauntlet_entry_generic
D:13:     layout_basic, uniq_josephine, uniq_sonja
D:14:     layout_big_octagon, david_vaults_3, chequers_arboretum
Temple:   nicolae_temple_ecumenical_triangle
Lair:1:   layout_layer_cave, serial_bayou_shore_b, infiniplex_staircase_pool,
          uniq_fannar
Orc:1:    orc_temple, layout_caves, basic_altar, dreamdust_deal_with_the_devil,
          nicolae_orc_lava_tube, nicolae_orc_damp_corner,
          nicolae_orc_crystal_geode
Orc:2:    st_orc_congregation, layout_diamond_mine, uniq_urug

Skill      XL: |  1  2  3  4  5  6  7  8  9 10 11 12 13 14 |
---------------+-------------------------------------------+-----
Invocations    | 1 2 3 4 5 7 9 11 12 14 15 | 15.9
Axes           | 3 4 6 7 9 10 12 13 14 | 14.9
Armour         | 4 5 6 7 8 9 11 12 13 14 | 14.0
Fighting       | 4 5 6 7 8 10 11 12 13 14 | 14.0
Shields        | |  3.2

Action                     |  1- 3 |  4- 6 |  7- 9 | 10-12 | 13-15 || total
---------------------------+-------+-------+-------+-------+-------++-------
  Melee: War axe           |    84 |   141 |       |       |       ||   225
         Halberd           |       |    29 |   181 |   414 |   386 ||  1010
 Invoke: Upheaval          |       |       |     2 |    15 |    15 ||    32
         Elemental Force   |       |       |       |     1 |       ||     1
  Evoke: Wand              |       |       |       |     9 |       ||     9
    Use: Scroll            |       |    10 |     8 |     9 |     2 ||    29
         Potion            |       |       |     3 |     5 |       ||     8
   Stab: Distracted        |       |       |       |     5 |     1 ||     6
 Armour: Scale mail        |    77 |   193 |   153 |   137 |       ||   560
         Plate armour      |       |       |       |   233 |   404 ||   637
  Dodge: Dodged            |    50 |   145 |   112 |   172 |   160 ||   639
  Block: Other             |       |       |    15 |    53 |    60 ||   128

Table legend: (Time is in decaauts)
 A = Elapsed time spent in this place.
 B = Non-inter-level travel time spent in this place.
 C = Inter-level travel time spent in this place.
 D = Time resting spent in this place.
 E = Time spent auto-exploring this place.
 F = Levels seen in this place.
 G = Mean time per level.
                   A        B        C        D        E       F      G
               +--------+--------+--------+--------+--------+-----+--------+
         Total |  14796 |  14057 |    739 |   1573 |   9371 |  19 |  778.7 |
       Dungeon |  11886 |  11250 |    636 |   1274 |   7901 |  14 |  849.0 |
        Temple |     34 |     18 |     16 |      0 |      0 |   1 |   34.0 |
          Lair |     48 |     44 |      4 |      0 |     24 |   1 |   48.0 |
  Orcish Mines |   2253 |   2171 |     82 |    275 |   1207 |   2 | 1126.5 |
      Gauntlet |    574 |    574 |      0 |     23 |    238 |   1 |  574.0 |
               +--------+--------+--------+--------+--------+-----+--------+

Top non-repeatable levels by time:
     D:3: 1298 daAuts
   Orc:2: 1178 daAuts
   Orc:1: 1075 daAuts
    D:10: 1070 daAuts
     D:9: 1035 daAuts
     D:2: 997 daAuts
     D:4: 950 daAuts
    D:13: 935 daAuts
    D:12: 846 daAuts
     D:1: 845 daAuts
    D:11: 827 daAuts
     D:8: 821 daAuts
     D:7: 808 daAuts
     D:6: 739 daAuts
     D:5: 687 daAuts
